 Dungeon Crawl Stone Soup version 0.27-a0-124-g19cb506db8 (webtiles) character file.

Game seed: 3037324108483854910

36174 sahdkjhfkaj the Thaumaturge (level 13, -1/61 HPs)
             Began as a Felid Conjurer on Jan 25, 2021.
             Was the Champion of Kikubaaqudgha.
             Slain by a komodo dragon (32 damage)
             ... on level 2 of the Lair of Beasts on Jan 26, 2021.
             The game lasted 01:35:30 (33965 turns).

sahdkjhfkaj the Thaumaturge (Felid Conjurer)       Turns: 33965, Time: 01:35:30

Health: -1/61      AC:  7    Str:  9    XL:     13   Next: 51%
Magic:  18/29      EV: 24    Int: 24    God:    Kikubaaqudgha [******]
Gold:   321        SH:  0    Dex: 21    Spells: 3/34 levels left
                                        Lives:  0   Deaths: 4

rFire    . . .     SeeInvis +     - Unarmed
rCold    + . .     Faith    .   (shield unavailable)
rNeg     . . .     Spirit   .   (armour unavailable)
rPois    +         Reflect  .   (helmet unavailable)
rElec    +         Harm     .   (cloak unavailable)
rCorr    .         Rampage  .   (gloves unavailable)
Will     +....                  (boots unavailable)
Stlth    +++.......             w - amulet of regeneration
HPRegen  0.60/turn              h - ring "Buemef" {rElec rPois Str+6 Dex+6 Stlth-}
MPRegen  0.21/turn              g - +4 ring of protection

@: very slightly contaminated, quick
A: very small, no armour, no weapons or thrown items, stealth, claws 1, fangs 3,
see invisible, speed 1, shaggy fur 3, sharp paws
a: Renounce Religion, Receive Corpses, Torment


You were on level 2 of the Lair of Beasts.
You worshipped Kikubaaqudgha.
Kikubaaqudgha was exalted by your worship.
You visited 4 branches of the dungeon, and saw 19 of its levels.

You collected 1091 gold pieces.
You spent 770 gold pieces at shops.

Inventory:

Jewellery
 c - a +4 ring of evasion
 g - a +4 ring of protection (right paw)
 h - the ring "Buemef" (left paw) {rElec rPois Str+6 Dex+6 Stlth-}
   (You found it on level 15 of the Dungeon)

   [ring of strength]

   It affects your strength (+6).
   It affects your dexterity (+6).
   It insulates you from electricity.
   It protects you from poison.
   It makes you less stealthy.
 w - an amulet of regeneration (around neck)
Wands
 p - a wand of polymorph (6)
 q - a wand of enslavement (5)
 r - a wand of mindburst (33)
 x - a wand of random effects (28)
 y - a wand of iceblast (9)
 D - a wand of paralysis (5)
Scrolls
 e - 2 scrolls of teleportation {!r}
 k - 2 scrolls of amnesia
 o - 8 scrolls of remove curse
 s - a scroll of vulnerability
Potions
 a - 3 potions of flight
 b - a potion of brilliance {unknown}
 i - a potion of berserk rage {unknown}
 j - 3 potions of magic {unknown}
 l - 3 potions of haste {unknown}
 m - 3 potions of attraction {unknown}
 n - 7 potions of cancellation
 t - a potion of resistance {unknown}
 u - a potion of invisibility
 v - 2 potions of ambrosia {unknown}
 z - a potion of degeneration {unknown}
 A - a potion of might
 C - a potion of curing


   Skills:
 - Level 10.0 Fighting
 - Level 7.0 Dodging
 - Level 6.0 Stealth
 - Level 6.0 Unarmed Combat
 - Level 11.0 Spellcasting
 - Level 5.0 Conjurations
 - Level 10.0 Hexes
 - Level 10.0 Necromancy
 - Level 9.0 Transmutations
 + Level 9.8 Earth Magic
 - Level 5.0 Evocations


You had 3 spell levels left.
You knew the following spells:

 Your Spells              Type           Power        Failure   Level
a - Magic Dart            Conj           100%         1%          1
b - Borgnjor's Vile Clut  Necr/Erth      28%          2%          5
c - Searing Ray           Conj           74%          1%          2
d - Dispel Undead         Necr           57%          1%          4
e - Fulminant Prism       Conj/Hex       24%          2%          4
A - Irradiate             Conj/Tmut      23%          8%          5
K - Animate Dead          Necr           28%          1%          4
S - Statue Form           Tmut/Erth      36%          16%         6

Your spell library contained the following spells:

 Spells                   Type           Power        Failure   Level
 Animate Skeleton         Necr           100%         1%          1
 Pain                     Necr           100%         1%          1
 Corpse Rot               Necr/Air       N/A          1%          2
 Sublimation of Blood     Necr           28%          1%          2
 Dazzling Flash           Conj/Hex       98%          1%          3
 Vampiric Draining        Necr           28%          1%          3
 Agony                    Necr           57%          2%          5
 Iskenderun's Mystic Bla  Conj/Tloc      25%          17%         4
 Hydra Form               Tmut           27%          19%         6
 Simulacrum               Ice/Necr       18%          67%         6
 Dragon Form              Tmut           27%          69%         7
 Borgnjor's Revivificati  Necr           28%          99%         8
 Infestation              Necr           28%          99%         8
 Necromutation            Tmut/Necr      28%          99%         8
 Death's Door             Necr           28%          100%        9


Dungeon Overview and Level Annotations

Branches:
Dungeon (15/15)            Temple (1/1) D:5            Lair (2/6) D:11
    Orc (1/2) D:10         Vaults (0/5) D:14         Depths (0/5) D:15
  Swamp: Lair:2-4    Shoals: Lair:2-4     Snake: Lair:2-4    Spider: Lair:2-4

Altars:
Ashenzari
Cheibriados
Dithmenos
Elyvilon
Fedhas
Gozag
Hepliaklqana
Kikubaaqudgha
Makhleb
Nemelex Xobeh
Okawaru
Qazlal
Ru
Sif Muna
Trog
Uskayaw
Vehumet
Wu Jian
Xom
Yredelemnul
Zin
The Shining One

Shops:
D:6 :   D:7 !!*

Annotations:
D:3 Grinder, Ijyb, Terence
D:6 exclusion: 3 killer bees
D:7 exclusion: 4 killer bees
D:8 exclusion: 2 killer bees
D:13 exclusion: hydra


Innate Abilities, Weirdness & Mutations

You cannot wear armour.
You are incapable of wielding weapons or throwing items.
Your paws allow you to move quietly. (Stealth)
You have sharp claws.
You have razor-sharp teeth.
You have supernaturally acute eyesight. (SInv)
You cover ground quickly.
Your thick and shaggy fur keeps you warm. (AC +3, rC+)
Your sharp claws are effective at attacking unaware monsters.


Message History

The komodo dragon is moderately wounded.
The komodo dragon bites you!
The magic dart hits the komodo dragon.
The komodo dragon is moderately wounded.
The komodo dragon bites you!
You are too injured to fight recklessly!
You are too injured to fight recklessly!
You are too injured to fight recklessly!
You are too injured to fight recklessly!
You are too injured to fight recklessly!
A komodo dragon is nearby!
You are too injured to fight recklessly!
Casting: Magic Dart (safe; 1% risk of failure)
Confirm with . or Enter, or press ? or * to list all spells.
You miscast Irradiate.
You are very lightly contaminated with residual magic.
Nothing appears to happen.
The komodo dragon bites you!!
Ouch! That really hurt!
You die...
Kikubaaqudgha rasps: "You have failed me!
Welcome... death!"

..# >.. ...## 8..8 $#
.....###.. #.#
#.......# ..#
#...#..##.#
#........##
#...l.....##
#...@..#.#.#####
###..........#.#.#
##..###....#......####
#...# #..............#
.....##...#........###
#.....P..####.....P.#
#........# ##......##
#[......## ##....#..#
#.......## #.###...##


You could see a komodo dragon.

Vanquished Creatures
  Gastronok (D:9)
  Azrael (D:14)
  A dire elephant (D:15)
  6 hydras
  4 centaur warriors
  An ogre mage (D:14)
  Erica (D:9)
  A death knight (D:14)
  5 two-headed ogres
  A tengu warrior (D:15)
  Nergalle (D:10)
  6 unseen horrors
  Sonja (Lair:1)
  5 skeletal warriors (D:13)
  A wizard (D:14)
  Pikel (D:4)
  3 manticores
  A wolf spider (D:15)
  2 ugly things
  5 will-o-the-wisps
  4 cyclopes
  Maurice (D:8)
  A cane toad (Lair:2)
  3 yaktaurs (D:12)
  2 rime drakes
  4 komodo dragons
  2 kobold demonologists
  A freezing wraith (D:14)
  Maggie (D:10)
  6 trolls
  A hornet (D:11)
  14 slime creatures
  10 blink frogs
  A meliai zombie (D:15)
  2 shadows
  A vampire (D:14)
  12 yaks
  A fire elemental (D:14)
  3 wraiths
  A wyvern (D:11)
  A steam dragon (D:9)
  13 vampire mosquitoes
  A basilisk (Lair:2)
  2 water moccasins (Lair:1)
  A warg (D:11)
  4 hell hounds
  4 ice beasts
  4 phantoms
  A hornet zombie (D:10)
  16 orc warriors
  9 ogres
  3 black bears
  7 boggarts
  16 centaurs
  2 sky beasts
  4 wolves (Lair:1)
  2 lemures (D:4)
  2 big kobolds
  Blork the orc (D:6)
  11 bullfrogs
  2 wyvern zombies
  A gnoll sergeant (D:9)
  A water moccasin zombie (D:6)
  6 scorpions
  16 killer bees
  4 wights (D:14)
  2 electric eels (D:10)
  3 howler monkeys (D:8)
  5 jellies
  2 bullfrog zombies (D:12)
  3 centaur zombies
  12 orc priests
  A gnoll shaman (D:4)
  4 centaur skeletons
  4 hounds
  Crazy Yiuf (D:5)
  Jessica (D:3)
  2 bullfrog skeletons
  3 iguanas
  15 orc wizards
  13 worker ants
  A killer bee zombie (D:8)
  A hound skeleton (D:11)
  A worker ant zombie (D:10)
  Robin (D:3)
  8 gnolls
  9 adders
  3 shadow imps
  4 white imps
  3 ufetubi
  An adder zombie (D:5)
  2 adder skeletons
  3 worms
  3 dart slugs
  10 leopard geckos
  59 orcs
  9 bats
  3 giant cockroaches (D:1)
  9 goblins
  10 hobgoblins
  20 jackals
  16 kobolds
  3 quokkas
  3 frilled lizards
  7 rats
  A fulminant prism (D:11)
514 creatures vanquished.

Vanquished Creatures (others)
  2 centaur skeletons (D:14)
  4 slime creatures (D:14)
  15 foxfires
  22 fulminant prisms
  5 fungi
  8 plants
56 creatures vanquished.

Grand Total: 570 creatures vanquished

Notes
Turn   | Place    | Note
-------+----------+-------------------------------------------
     0 | D:1      | sahdkjhfkaj the Felid Conjurer began the quest for the Orb.
     0 | D:1      | Reached XP level 1. HP: 7/7 MP: 4/4
   315 | D:1      | Reached skill level 1 in Fighting
   441 | D:1      | Reached XP level 2. HP: 12/12 MP: 3/6
   444 | D:1      | Learned a level 2 spell: Searing Ray
   547 | D:1      | Reached skill level 1 in Hexes
   901 | D:1      | Reached XP level 3. HP: 15/15 MP: 5/7
  2445 | D:2      | Reached XP level 4. HP: 19/19 MP: 5/8
  2512 | D:3      | Noticed Jessica
  2515 | D:3      | Killed Jessica
  2580 | D:3      | Reached skill level 5 in Hexes
  2984 | D:3      | Found a bloodstained altar of Trog.
  3128 | D:3      | Found a sparkling altar of Nemelex Xobeh.
  3604 | D:3      | Reached XP level 5. HP: 22/22 MP: 6/9
  3704 | D:3      | Noticed Terence
  4086 | D:3      | Noticed Ijyb
  4317 | D:3      | Noticed Grinder
  4471 | D:4      | Noticed Robin
  4595 | D:3      | Killed Robin
  4736 | D:4      | Found a sacrificial altar of Ru.
  5143 | D:3      | Reached skill level 3 in Spellcasting
  5186 | D:4      | Became a worshipper of Ru the Awakened
  5387 | D:4      | Gained mutation: You are covered in thick fur. (AC +2)
                  | [Felid growth]
  5387 | D:4      | Reached XP level 6. HP: 25/25 MP: 4/11
  5958 | D:4      | Found a glowing silver altar of Zin.
  6568 | D:5      | Entered Level 5 of the Dungeon
  6618 | D:5      | Reached XP level 7. HP: 28/28 MP: 3/13
  6722 | D:5      | Found a staircase to the Ecumenical Temple.
  6733 | Temple   | Entered the Ecumenical Temple
  6774 | Temple   | Fell from the grace of Ru
  6774 | Temple   | Became a worshipper of Kikubaaqudgha
  6936 | D:5      | Found an ornate altar of the Wu Jian Council.
  6938 | D:5      | Noticed Pikel
  7104 | D:4      | Killed Pikel
  7105 | D:4      | Reached skill level 4 in Spellcasting
  7273 | D:5      | Reached XP level 8. HP: 34/34 MP: 1/15
  7373 | D:5      | Learned a level 4 spell: Fulminant Prism
  7661 | D:5      | Reached skill level 10 in Hexes
  7759 | D:5      | Found a runed translucent door.
  7760 | D:5      | Noticed Crazy Yiuf
  8031 | D:5      | Killed Crazy Yiuf
  8333 | D:6      | Found a glowing golden altar of the Shining One.
  8337 | D:6      | Found a shadowy altar of Dithmenos.
  8340 | D:6      | Found a burning altar of Makhleb.
  8530 | D:6      | Found Dopioj's Book Emporium.
  8635 | D:6      | Noticed Blork the orc
  8645 | D:6      | Killed Blork the orc
  8646 | D:6      | Reached skill level 5 in Spellcasting
  9178 | D:7      | Noticed an unseen horror
  9187 | D:7      | Killed an unseen horror
  9188 | D:7      | Reached skill level 5 in Conjurations
  9188 | D:7      | Reached skill level 5 in Evocations
  9188 | D:7      | Reached XP level 9. HP: 21/39 MP: 5/17
  9402 | D:7      | Found Voesus's General Store.
  9601 | D:7      | Reached * piety under Kikubaaqudgha
  9601 | D:7      | Identified Kikubaaqudgha's Guide on Dark Secrets
                  | (Kikubaaqudgha gifted it to you on level 7 of the Dungeon)
  9601 | D:7      | Received a gift from Kikubaaqudgha
  9652 | D:7      | Reached skill level 5 in Fighting
 10034 | D:7      | Reached skill level 5 in Stealth
 10295 | D:7      | Found a shimmering blue altar of Sif Muna.
 10379 | D:7      | Found Yguif's Distillery.
 10395 | D:7      | Found Kuuplutz's Distillery.
 10665 | D:8      | Reached skill level 5 in Dodging
 10812 | D:8      | Reached skill level 1 in Transmutations
 10842 | D:8      | Noticed Maurice
 11365 | D:8      | Killed Maurice
 12348 | D:9      | Noticed Gastronok
 12350 | D:9      | Killed from afar by Gastronok
 12351 | D:9      | Reached XP level 8. HP: -2/39 MP: 2/16
 12420 | D:9      | Reached ** piety under Kikubaaqudgha
 12428 | D:9      | Reached XP level 9. HP: 42/42 MP: 0/17
 12708 | D:9      | Killed Gastronok
 12709 | D:9      | Reached skill level 6 in Spellcasting
 13181 | D:10     | Entered Level 10 of the Dungeon
 13187 | D:10     | Reached XP level 10. HP: 39/47 MP: 9/20
 13237 | D:10     | Noticed Erica
 13387 | D:9      | Killed Erica
 13388 | D:9      | Reached skill level 5 in Necromancy
 13932 | D:10     | Noticed a two-headed ogre
 13990 | D:10     | Killed a two-headed ogre
 14405 | D:10     | Learned a level 4 spell: Animate Dead
 14441 | D:10     | Reached *** piety under Kikubaaqudgha
 14441 | D:10     | Identified Kikubaaqudgha's Disquisition on Stolen Souls
                  | (Kikubaaqudgha gifted it to you on level 10 of the Dungeon)
 14441 | D:10     | Received a gift from Kikubaaqudgha
 14448 | D:10     | Learned a level 4 spell: Dispel Undead
 14454 | D:10     | Learned a level 5 spell: Borgnjor's Vile Clutch
 14469 | D:10     | Noticed Maggie
 14471 | D:10     | Killed Maggie
 14918 | D:10     | Noticed Nergalle
 14929 | D:10     | Killed Nergalle
 14930 | D:10     | Reached skill level 7 in Spellcasting
 15534 | D:10     | Found a staircase to the Orcish Mines.
 15769 | D:11     | Reached XP level 11. HP: 45/53 MP: 16/22
 16071 | D:10     | Hit by a large rock thrown by a cyclops
 16072 | D:10     | Reached XP level 10. HP: -18/49 MP: 21/21
 16107 | D:10     | Killed a cyclops
 16830 | D:10     | Found a staircase to the Orcish Mines.
 17430 | D:11     | Killed from afar by an orc priest
 17431 | D:11     | Reached XP level 9. HP: -1/45 MP: 11/20
 17710 | D:11     | Found a staircase to the Lair.
 18130 | D:11     | Paralysed by a hornet for 2 turns
 18486 | D:11     | Noticed a cyan ugly thing
 18490 | D:11     | Killed a cyan ugly thing
 18491 | D:11     | Reached skill level 1 in Unarmed Combat
 18589 | D:11     | Reached XP level 10. HP: 49/49 MP: 15/21
 18726 | D:11     | Noticed an unseen horror
 18736 | D:11     | Killed an unseen horror
 18737 | D:11     | Reached skill level 1 in Earth Magic
 19418 | Lair:1   | Entered Level 1 of the Lair of Beasts
 19674 | D:11     | Noticed a manticore
 19686 | D:11     | Killed a manticore
 19782 | Orc:1    | Entered Level 1 of the Orcish Mines
 19789 | D:10     | Reached **** piety under Kikubaaqudgha
 20546 | D:6      | Bought a book of Transfigurations for 770 gold pieces
 20554 | D:6      | Learned a level 6 spell: Statue Form
 20718 | Lair:1   | Noticed a will-o-the-wisp
 20718 | Lair:1   | Noticed a will-o-the-wisp
 20719 | Lair:1   | Noticed a will-o-the-wisp
 20719 | Lair:1   | Noticed a will-o-the-wisp
 20965 | D:12     | Reached skill level 10 in Fighting
 21790 | D:12     | Reached XP level 11. HP: 54/54 MP: 19/23
 21894 | D:12     | Reached skill level 8 in Spellcasting
 22408 | D:13     | Noticed a two-headed ogre
 22450 | D:12     | Killed a two-headed ogre
 22547 | D:13     | Noticed a centaur warrior
 22568 | D:13     | Killed a centaur warrior
 22569 | D:13     | Reached skill level 9 in Spellcasting
 22657 | D:13     | Noticed a skeletal warrior
 22681 | D:13     | Killed a skeletal warrior
 22879 | D:13     | Noticed a two-headed ogre
 22906 | D:13     | Killed a two-headed ogre
 23567 | D:13     | Noticed a four-headed hydra
 23575 | D:13     | Learned a level 5 spell: Irradiate
 23861 | D:13     | Noticed a skeletal warrior
 23861 | D:13     | Noticed a skeletal warrior
 23861 | D:13     | Noticed a skeletal warrior
 23874 | D:13     | Killed a skeletal warrior
 23875 | D:13     | Reached skill level 5 in Unarmed Combat
 23967 | D:13     | Killed a skeletal warrior
 24075 | D:13     | Noticed a skeletal warrior
 24083 | D:13     | Killed a skeletal warrior
 24185 | D:13     | Killed a skeletal warrior
 24186 | D:13     | Reached skill level 5 in Earth Magic
 24325 | D:13     | Gained mutation: Your thick and shaggy fur keeps you warm.
                  | (AC +3, rC+) [Felid growth]
 24325 | D:13     | Reached XP level 12. HP: 53/58 MP: 17/26
 24587 | D:14     | Noticed a two-headed ogre
 24628 | D:13     | Killed a two-headed ogre
 24768 | D:14     | Noticed a six-headed hydra
 24826 | D:14     | Noticed an ogre mage
 24827 | D:14     | Killed a six-headed hydra
 24828 | D:14     | Reached skill level 10 in Spellcasting
 24892 | D:14     | Killed an ogre mage
 24948 | D:14     | Noticed a two-headed ogre
 24963 | D:13     | Killed a two-headed ogre
 24963 | D:13     | Reached ***** piety under Kikubaaqudgha
 25368 | D:14     | Learned a level 4 spell: Fulminant Prism
 25378 | D:14     | Noticed Azrael
 25470 | D:14     | Noticed a death knight
 25505 | D:14     | Killed a death knight
 25730 | D:14     | Noticed a centaur warrior
 25743 | D:14     | Killed a centaur warrior
 26837 | D:14     | Noticed a centaur warrior
 26933 | D:14     | HP: 1/58 [hell hound[Azrael] (7)]
 27241 | D:13     | Reached skill level 10 in Necromancy
 27395 | D:14     | Killed a centaur warrior
 27484 | D:14     | Found a gate to the Vaults.
 27766 | D:14     | Reached XP level 13. HP: 61/61 MP: 13/28
 28293 | D:14     | Killed Azrael
 28301 | D:14     | HP: 2/91 [fire elemental[Azrael] (3)]
 28302 | D:14     | Slain by a fire elemental
 28303 | D:14     | Reached XP level 12. HP: 0/87 MP: 7/27
 28606 | D:14     | Noticed a four-headed hydra
 28615 | D:14     | Killed a four-headed hydra
 28707 | D:15     | Entered Level 15 of the Dungeon
 29574 | D:15     | Noticed a five-headed hydra
 29590 | D:15     | Killed a five-headed hydra
 29803 | D:15     | Noticed a centaur warrior
 29874 | D:15     | Killed a centaur warrior
 30143 | D:15     | Noticed a tengu warrior
 30150 | D:15     | Killed a tengu warrior
 30151 | D:15     | Reached skill level 11 in Spellcasting
 30389 | D:15     | Found a staircase to the Depths.
 30389 | D:15     | Noticed a dire elephant
 30393 | D:15     | Noticed a four-headed hydra
 30406 | D:15     | Killed a four-headed hydra
 30630 | D:15     | Got a scintillating platinum ring
 30632 | D:15     | Identified the ring "Buemef" {rElec rPois Str+6 Dex+6
                  | Stlth-} (You found it on level 15 of the Dungeon)
 31037 | D:15     | Killed a dire elephant
 31038 | D:15     | Reached XP level 13. HP: 61/61 MP: 2/29
 32104 | Lair:1   | Noticed Sonja
 32107 | Lair:1   | Killed Sonja
 32822 | Lair:1   | Reached ****** piety under Kikubaaqudgha
 32825 | Lair:1   | Received a gift from Kikubaaqudgha
 33965 | Lair:2   | Slain by a komodo dragon

Illustrated notes

Levels and vault maps discovered:
D:1:      evilmike_arrival_hilbert_curve, layout_basic
D:2:      layout_basic
D:3:      layout_basic, bloody_trog, nemelex_xobeh_ov_fountains_minmay,
          uniq_terence, uniq_ijyb, uniq_grinder, uniq_jessica, uniq_sigmund
D:4:      layout_rooms, zin_scriptorium, nicolae_overflow_crystal_walls,
          serial_co_window_serial, co_window_paths_a, co_window_corner_a,
          co_window_corner_a, co_window_paths_a, co_window_of_opportunity_a,
          co_window_paths_a, co_window_corner_a, co_window_broadway_a,
          co_window_corner_b, co_window_unsneaky_path_c, co_window_corner_b,
          co_window_corner_b, co_window_4corner_b, co_window_paths_d,
          glass_columns_c, glass_columns_b, uniq_robin
D:5:      layout_cave_pools, lemuel_crystal_altar,
          minmay_temple_entry_statues_fountains, kennysheep_generic_room_5,
          uniq_crazy_yiuf_cottage, uniq_pikel
D:6:      layout_gridville, minmay_overflow_temple_star_quad, serial_shops,
          nicolae_shop_temple_entry_statues_fountains, uniq_blork_the_orc
D:7:      layout_gridville, marbit_many_paths, serial_shops, shop, shop, shop
D:8:      layout_loops_ring, uniq_maurice
D:9:      layout_cave_pools, grunt_ministairs_12, uniq_gastronok
D:10:     layout_basic, erik_orc_2, minmay_tree_intersection, uniq_erica,
          uniq_nergalle, uniq_maggie
D:11:     layout_loops_ring, erik_lair_orcish_takeover, enter_bailey_8
D:12:     layout_loops_ring
D:13:     layout_loops_ring
D:14:     layout_roguey, david_vaults_2,
          hangedman_abyss_or_decor_jellyfish_corner, serial_curves,
          eino_curves_02, eino_curves_01, eino_curves_02, eino_curves_02,
          minmay_diced_spiral, uniq_azrael
D:15:     hangedman_depths_entry_try_elsewhere_first, layout_loops_ring,
          roderic_lattice_octagonal_star
Temple:   nicolae_temple_god_jail
Lair:1:   layout_roguey, pond, uniq_sonja
Lair:2:   layout_cave_pods, st_stairs_6, grunt_megastairs_3
Orc:1:    layout_caves, uniq_erolcha

Skill      XL: |  1  2  3  4  5  6  7  8  9 10 11 12 13 |
---------------+----------------------------------------+-----
Fighting       | 1 3 4 7 10 | 10.0
Stealth        | 3 4 5 6 |  6.0
Hexes          | 2 4 5 6 9 10 | 10.0
Spellcasting   | 3 4 5 6 7 9 11 | 11.0
Conjurations   | 4 5 |  5.0
Evocations     | 3 5 |  5.0
Dodging        | 4 5 7 |  7.0
Transmutations | 9 8 |  9.0
Necromancy     | 6 5 7 10 | 10.0
Unarmed Combat | 2 3 5 6 |  6.0
Earth Magic    | 3 5 8 9 |  9.8

Action                   |  1- 3 |  4- 6 |  7- 9 | 10-12 | 13-15 || total
-------------------------+-------+-------+-------+-------+-------++-------
Melee: Unarmed           |    15 |     7 |    47 |    59 |     7 ||   135
       Bite              |       |       |     3 |     3 |     1 ||     7
 Cast: Magic Dart        |    92 |   109 |   304 |   477 |   162 ||  1144
       Searing Ray       |     4 |    29 |    70 |   219 |    10 ||   332
       Fulminant Prism   |       |       |    12 |    11 |       ||    23
       Dispel Undead     |       |       |       |    28 |       ||    28
       Borgnjor's Vile C |       |       |       |    54 |    33 ||    87
       Statue Form       |       |       |       |     4 |       ||     4
       Irradiate         |       |       |       |     7 |    16 ||    23
       Animate Dead      |       |       |       |     2 |       ||     2
Invok: Receive Necronomi |       |       |       |       |     1 ||     1
Evoke: Wand              |       |       |    13 |    25 |       ||    38
  Use: Scroll            |       |     4 |     7 |     4 |     4 ||    19
       Potion            |       |     1 |     1 |     6 |     2 ||    10
 Stab: Sleeping          |       |       |     1 |     3 |     1 ||     5
Armor: Skin              |     1 |     3 |    23 |    74 |    11 ||   112
Dodge: Dodged            |    27 |    34 |   247 |   619 |   127 ||  1054

Table legend: (Time is in decaauts)
 A = Elapsed time spent in this place.
 B = Non-inter-level travel time spent in this place.
 C = Inter-level travel time spent in this place.
 D = Time resting spent in this place.
 E = Time spent auto-exploring this place.
 F = Levels seen in this place.
 G = Mean time per level.
                   A        B        C        D        E       F      G
               +--------+--------+--------+--------+--------+-----+--------+
         Total |  31395 |  30330 |   1065 |   4133 |  21359 |  19 | 1652.4 |
       Dungeon |  29052 |  28023 |   1029 |   4081 |  19577 |  15 | 1936.8 |
        Temple |     48 |     30 |     18 |      0 |     27 |   1 |   48.0 |
          Lair |   2244 |   2227 |     17 |     52 |   1754 |   2 | 1122.0 |
  Orcish Mines |     49 |     49 |      0 |      0 |      0 |   1 |   49.0 |
               +--------+--------+--------+--------+--------+-----+--------+

Top non-repeatable levels by time:
    D:10: 3900 daAuts
    D:11: 3036 daAuts
    D:14: 3026 daAuts
    D:13: 2801 daAuts
    D:15: 2124 daAuts
  Lair:1: 2094 daAuts
     D:3: 1877 daAuts
    D:12: 1814 daAuts
     D:4: 1677 daAuts
     D:1: 1588 daAuts
     D:7: 1499 daAuts
     D:9: 1367 daAuts
     D:8: 1240 daAuts
     D:5: 1167 daAuts
     D:2: 1063 daAuts
